PIO (24 & UNDER)
SASKATOON SMOKIN' GUNS @ CHULA VISTA TACOS
08/02/2030
 
TOP OF THE 1ST
Saskatoon Smokin' Guns batting - Pitching for Chula Vista Tacos : RHP Manny Cook
Pitching: RHP Manny Cook
Batting: RHB Luis Suárez 0-0: Swinging Strike
0-1: Ball
1-1: SINGLE (Line Drive, 3D)
Batting: RHB Júlio Durán 0-0: Ball
1-0: Ball
2-0: Ball
3-0: Called Strike
3-1: Base on Balls
Luis Suárez to second
Batting: RHB Juan Alvarado 0-0: Called Strike
0-1: Foul Ball, location: 2F
0-2: Ball
1-2: Grounds into double play, 5-4-3 (Groundball, 56)
Luis Suárez to third
Batting: RHB Lyle Johnston 0-0: Ball
1-0: Foul Ball, location: 2F
1-1: Fly out, F4 (Popup, 4MS)
Top of the 1st over - 0 runs, 1 hit, 0 errors, 1 left on base; Saskatoon 0 - Chula Vista 0
BOTTOM OF THE 1ST
Chula Vista Tacos batting - Pitching for Saskatoon Smokin' Guns : RHP Carlos Ortíz
Pitching: RHP Carlos Ortíz
Batting: LHB Dale Miller 0-0: Ball
1-0: Ball
2-0: Called Strike
2-1: Called Strike
2-2: Ball
3-2: Base on Balls
Batting: RHB Eric Schroeder 0-0: Foul Ball, location: 2F
0-1: SINGLE (Line Drive, 56)
Dale Miller to second
Batting: LHB Jean Beauchemin 0-0: Ball
1-0: Grounds into double play, 3-6-3 (Groundball, 3)
Dale Miller to third
Batting: LHB Jorge Pineda 0-0: Ball
1-0: Foul Ball, location: 2F
1-1: Ball
2-1: SINGLE (Line Drive, 6D)
Dale Miller scores
Batting: RHB Nelson Wright 0-0: Ball
1-0: Swinging Strike
1-1: Foul Ball, location: 2F
1-2: Ball
2-2: DOUBLE (Line Drive, 5D)
Jorge Pineda to third
Runner from 3rd tries for Home, SAFE, no throw
Batting: RHB Kenny Miller 0-0: Called Strike
0-1: Ball
1-1: Ball
2-1: Foul Ball, location: 2F
2-2: Foul Ball, location: 2F
2-2: Strikes out swinging
Bottom of the 1st over - 2 runs, 3 hits, 0 errors, 1 left on base; Saskatoon 0 - Chula Vista 2
TOP OF THE 2ND
Saskatoon Smokin' Guns batting - Pitching for Chula Vista Tacos : RHP Manny Cook
Batting: RHB Mike Ratzlaff 0-0: SINGLE (Line Drive, 34D)
Batting: RHB Artie Turner 0-0: Foul Ball, location: 2F
0-1: Foul Ball, location: 2F
0-2: SINGLE (Groundball, 6D)
Mike Ratzlaff to second
Batting: RHB Héctor Garza 0-0: Called Strike
0-1: Ball
1-1: Swinging Strike
1-2: Strikes out swinging
Batting: RHB Rafael Gonzáles 0-0: Called Strike
0-1: Ball
1-1: Called Strike
1-2: Ball
2-2: Strikes out looking
Batting: SHB Tetsu Yamada 0-0: Fly out, F9 (Flyball, 9S)
Top of the 2nd over - 0 runs, 2 hits, 0 errors, 2 left on base; Saskatoon 0 - Chula Vista 2
BOTTOM OF THE 2ND
Chula Vista Tacos batting - Pitching for Saskatoon Smokin' Guns : RHP Carlos Ortíz
Batting: RHB Daniel Pineda 0-0: Ground out U3 (Groundball, 34S)
Batting: RHB Rafael Cardenas 0-0: Ball
1-0: Ground out 5-3 (Groundball, 56)
Batting: SHB Ethan Finley 0-0: Ball
1-0: Ball
2-0: Ball
3-0: Foul Ball, location: 2F
3-1: Swinging Strike
3-2: Foul Ball, location: 2F
3-2: Foul Ball, location: 2F
3-2: Strikes out swinging
Bottom of the 2nd over - 0 runs, 0 hits, 0 errors, 0 left on base; Saskatoon 0 - Chula Vista 2
TOP OF THE 3RD
Saskatoon Smokin' Guns batting - Pitching for Chula Vista Tacos : RHP Manny Cook
Batting: RHB Luis Suárez 0-0: Ball
1-0: Foul Ball, location: 2F
1-1: Ball
2-1: Swinging Strike
2-2: Ball
3-2: Base on Balls
Batting: RHB Júlio Durán 0-0: Ball
Luis Suárez steals 2nd base
1-0: DOUBLE (Groundball, 5L)
Luis Suárez scores
Batting: RHB Juan Alvarado 0-0: Ball
1-0: Ball
2-0: Ball
3-0: Called Strike
3-1: Called Strike
3-2: Foul Ball, location: 2F
3-2: Foul Ball, location: 2F
3-2: Base on Balls
Batting: RHB Lyle Johnston 0-0: Ball
1-0: Swinging Strike
1-1: Ball
2-1: Foul Ball, location: 2F
2-2: Strikes out swinging
Batting: RHB Mike Ratzlaff 0-0: Called Strike
0-1: Swinging Strike
0-2: Ball
1-2: Ball
2-2: Fly out, F8 (Flyball, 8LD)
Batting: RHB Artie Turner 0-0: Called Strike
0-1: Ball
1-1: Ball
2-1: Swinging Strike
2-2: Strikes out swinging
Top of the 3rd over - 1 run, 1 hit, 0 errors, 2 left on base; Saskatoon 1 - Chula Vista 2
BOTTOM OF THE 3RD
Chula Vista Tacos batting - Pitching for Saskatoon Smokin' Guns : RHP Carlos Ortíz
Batting: LHB Dale Miller 0-0: Swinging Strike
0-1: Foul Ball, location: 2F
0-2: Fly out, F8 (Flyball, 8LM)
Batting: RHB Eric Schroeder 0-0: Swinging Strike
0-1: Foul Ball, location: 2F
0-2: Foul Ball, location: 2F
0-2: Strikes out swinging
Batting: LHB Jean Beauchemin 0-0: Ball
1-0: Ball
2-0: Foul Ball, location: 2F
2-1: Foul Ball, location: 2F
2-2: SINGLE (Groundball, 4MD)
Batting: LHB Jorge Pineda 0-0: Called Strike
0-1: Ball
1-1: Swinging Strike
1-2: Ball
2-2: Foul Ball, location: 2F
2-2: Foul Ball, location: 2F
2-2: Strikes out swinging
Bottom of the 3rd over - 0 runs, 1 hit, 0 errors, 1 left on base; Saskatoon 1 - Chula Vista 2
TOP OF THE 4TH
Saskatoon Smokin' Guns batting - Pitching for Chula Vista Tacos : RHP Manny Cook
Batting: RHB Héctor Garza 0-0: Called Strike
0-1: Swinging Strike
0-2: Fly out, F8 (Flyball, 8RS)
Batting: RHB Rafael Gonzáles 0-0: Foul Ball, location: 2F
0-1: Reached on error, E9 (Flyball, 9S)
Batting: SHB Tetsu Yamada 0-0: Called Strike
0-1: Ball
1-1: Called Strike
1-2: Strikes out swinging
Batting: RHB Luis Suárez 0-0: Ball
1-0: Ball
2-0: Called Strike
2-1: Ball
3-1: Foul Ball, location: 2F
3-2: DOUBLE (Groundball, 5L)
Rafael Gonzáles to third
Rafael Gonzáles scores
Batting: RHB Júlio Durán 0-0: SINGLE (Groundball, 6MD)
Luis Suárez to third
Runner from 3rd tries for Home, SAFE, throw made home
Júlio Durán to second
Batting: RHB Juan Alvarado 0-0: Swinging Strike
0-1: Ball
1-1: Ball
2-1: Swinging Strike
2-2: Strikes out swinging
Top of the 4th over - 2 runs, 2 hits, 1 error, 1 left on base; Saskatoon 3 - Chula Vista 2
BOTTOM OF THE 4TH
Chula Vista Tacos batting - Pitching for Saskatoon Smokin' Guns : RHP Carlos Ortíz
Batting: RHB Nelson Wright 0-0: Called Strike
0-1: Called Strike
0-2: Strikes out looking
Batting: RHB Kenny Miller 0-0: Ball
1-0: Ball
2-0: Foul Ball, location: 2F
2-1: Foul Ball, location: 2F
2-2: Ground out 4-3 (Groundball, 4S)
Batting: RHB Daniel Pineda 0-0: Ground out U3 (Groundball, 34S)
Bottom of the 4th over - 0 runs, 0 hits, 0 errors, 0 left on base; Saskatoon 3 - Chula Vista 2
TOP OF THE 5TH
Saskatoon Smokin' Guns batting - Pitching for Chula Vista Tacos : RHP Manny Cook
Batting: RHB Lyle Johnston 0-0: Fly out, F7 (Flyball, 7LS)
Batting: RHB Mike Ratzlaff 0-0: Called Strike
0-1: Ball
1-1: Ball
2-1: Called Strike
2-2: Foul Ball, location: 2F
2-2: Strikes out swinging
Batting: RHB Artie Turner 0-0: Called Strike
0-1: Fly out, F9 (Flyball, 9)
Top of the 5th over - 0 runs, 0 hits, 0 errors, 0 left on base; Saskatoon 3 - Chula Vista 2
BOTTOM OF THE 5TH
Chula Vista Tacos batting - Pitching for Saskatoon Smokin' Guns : RHP Carlos Ortíz
Batting: RHB Rafael Cardenas 0-0: Called Strike
0-1: Foul Ball, location: 2F
0-2: Ground out 6-3 (Groundball, 6S)
Batting: SHB Ethan Finley 0-0: Called Strike
0-1: Ball
1-1: Swinging Strike
1-2: Strikes out swinging
Batting: LHB Dale Miller 0-0: Called Strike
0-1: Ball
1-1: Called Strike
1-2: Ball
2-2: Ball
3-2: Base on Balls
Batting: RHB Eric Schroeder 0-0: Called Strike
0-1: Swinging Strike
0-2: Foul Ball, location: 2F
0-2: Ball
1-2: Foul Ball, location: 2F
1-2: Ball
Dale Miller steals 2nd base
2-2: Foul Ball, location: 2F
2-2: Ball
3-2: Strikes out looking
Bottom of the 5th over - 0 runs, 0 hits, 0 errors, 1 left on base; Saskatoon 3 - Chula Vista 2
TOP OF THE 6TH
Saskatoon Smokin' Guns batting - Pitching for Chula Vista Tacos : RHP Manny Cook
Batting: RHB Héctor Garza 0-0: Called Strike
0-1: Called Strike
0-2: Ball
1-2: Foul Ball, location: 2F
1-2: Ball
2-2: Strikes out looking
Batting: RHB Rafael Gonzáles 0-0: Foul Ball, location: 2F
0-1: Foul Ball, location: 2F
0-2: Ball
1-2: Strikes out swinging
Batting: SHB Tetsu Yamada 0-0: Ball
1-0: Fly out, F8 (Flyball, 8RD)
Top of the 6th over - 0 runs, 0 hits, 0 errors, 0 left on base; Saskatoon 3 - Chula Vista 2
BOTTOM OF THE 6TH
Chula Vista Tacos batting - Pitching for Saskatoon Smokin' Guns : RHP Carlos Ortíz
Batting: LHB Jean Beauchemin 0-0: Ball
1-0: Called Strike
1-1: Foul Ball, location: 2F
1-2: SOLO HOME RUN (Line Drive, 9D), Distance : 409 ft
Batting: LHB Jorge Pineda 0-0: Foul Ball, location: 2F
0-1: SOLO HOME RUN (Flyball, 9D), Distance : 398 ft
Batting: RHB Nelson Wright 0-0: Ball
1-0: Foul Ball, location: 2F
1-1: Called Strike
1-2: Foul Ball, location: 2F
1-2: Ball
2-2: Foul Ball, location: 2F
2-2: Ground out 5-3 (Groundball, 56)
Batting: RHB Kenny Miller 0-0: Ball
1-0: Ball
2-0: Ball
3-0: Reaches on Catchers interference
Pitching: RHP Jean-Paul Derrien
Batting: RHB Daniel Pineda 0-0: Called Strike
0-1: Foul Ball, location: 2F
0-2: Grounds into double play, 4-6-3 (Groundball, 34)
Bottom of the 6th over - 2 runs, 2 hits, 1 error, 0 left on base; Saskatoon 3 - Chula Vista 4
TOP OF THE 7TH
Saskatoon Smokin' Guns batting - Pitching for Chula Vista Tacos : RHP Manny Cook
Pitching: RHP Brock Corless
Batting: RHB Luis Suárez 0-0: Ball
1-0: Ball
2-0: Called Strike
2-1: Foul Ball, location: 2F
2-2: Ball
3-2: Base on Balls
Pinch Hitting: LHB José Domínguez 0-0: Called Strike
0-1: Ball
1-1: Foul Ball, location: 2F
1-2: Strikes out swinging
Batting: RHB Juan Alvarado 0-0: Called Strike
0-1: Called Strike
0-2: Ball
1-2: Ball
2-2: Strikes out swinging
Batting: RHB Lyle Johnston 0-0: Ball
1-0: 2-RUN HOME RUN (Flyball, 7LD), Distance : 378 ft
Pitching: RHP Shane Thompson
Batting: RHB Mike Ratzlaff 0-0: Ground out 1-3 (Groundball, 13S)
Top of the 7th over - 2 runs, 1 hit, 0 errors, 0 left on base; Saskatoon 5 - Chula Vista 4
BOTTOM OF THE 7TH
Chula Vista Tacos batting - Pitching for Saskatoon Smokin' Guns : RHP Jean-Paul Derrien
Now in RF: Juan Mota
Batting: RHB Rafael Cardenas 0-0: Ball
1-0: Foul Ball, location: 2F
1-1: Foul Ball, location: 2F
1-2: Ball
2-2: Foul Ball, location: 2F
2-2: Strikes out swinging
Batting: SHB Ethan Finley 0-0: Called Strike
0-1: Ball
1-1: Swinging Strike
1-2: Ball
2-2: Ball
3-2: Base on Balls
Batting: LHB Dale Miller 0-0: Ball
1-0: Called Strike
1-1: Swinging Strike
1-2: Fly out, F4 (Flyball, 4D)
Batting: RHB Eric Schroeder 0-0: Ball
1-0: Ball
2-0: Ball
3-0: Base on Balls
Ethan Finley to second
Batting: LHB Jean Beauchemin 0-0: Ball
1-0: Foul Ball, location: 2F
1-1: Ground out 1-3 (Groundball, 13S)
Bottom of the 7th over - 0 runs, 0 hits, 0 errors, 2 left on base; Saskatoon 5 - Chula Vista 4
TOP OF THE 8TH
Saskatoon Smokin' Guns batting - Pitching for Chula Vista Tacos : RHP Shane Thompson
Batting: RHB Artie Turner 0-0: Ball
1-0: Swinging Strike
1-1: Called Strike
1-2: Strikes out swinging
Batting: RHB Héctor Garza 0-0: Called Strike
0-1: Swinging Strike
0-2: Strikes out swinging
Batting: RHB Rafael Gonzáles 0-0: Called Strike
0-1: Foul Ball, location: 2F
0-2: Foul Ball, location: 2F
0-2: Strikes out swinging
Top of the 8th over - 0 runs, 0 hits, 0 errors, 0 left on base; Saskatoon 5 - Chula Vista 4
BOTTOM OF THE 8TH
Chula Vista Tacos batting - Pitching for Saskatoon Smokin' Guns : RHP Jean-Paul Derrien
Batting: LHB Jorge Pineda 0-0: Called Strike
0-1: Ball
1-1: Fly out, F9 (Flyball, 9)
Batting: RHB Nelson Wright 0-0: Called Strike
0-1: Ground out 5-3 (Groundball, 5)
Batting: RHB Kenny Miller 0-0: Ball
1-0: SINGLE (Flyball, 78S)
Pitching: LHP Ray Karl
Pinch Hitting: RHB Valentín Saldańa 0-0: Ball
1-0: Called Strike
1-1: Foul Ball, location: 2F
1-2: Ground out 4-3 (Groundball, 4)
Bottom of the 8th over - 0 runs, 1 hit, 0 errors, 1 left on base; Saskatoon 5 - Chula Vista 4
TOP OF THE 9TH
Saskatoon Smokin' Guns batting - Pitching for Chula Vista Tacos : RHP Shane Thompson
Now at 3B: Valentín Saldańa
Batting: SHB Tetsu Yamada 0-0: Ball
1-0: Ball
2-0: Called Strike
2-1: Foul Ball, location: 2F
2-2: Ball
3-2: Strikes out swinging
Batting: RHB Luis Suárez 0-0: Called Strike
0-1: Called Strike
0-2: Ball
1-2: Strikes out swinging, 2-3 out at first.
Batting: RHB Juan Mota 0-0: Ball
1-0: Ball
2-0: Ball
3-0: Base on Balls
Pinch Runner at 1st Jim Hall:
Batting: RHB Juan Alvarado 0-0: Ball
1-0: Ball
2-0: Ball
3-0: Base on Balls
Jim Hall to second
Batting: RHB Lyle Johnston 0-0: Ball
1-0: Ball
2-0: Called Strike
2-1: Hit by Pitch
Jim Hall to third
Juan Alvarado to second
Batting: RHB Mike Ratzlaff 0-0: Called Strike
0-1: Called Strike
0-2: Ball
1-2: Foul Ball, location: 2F
1-2: Strikes out swinging
Top of the 9th over - 0 runs, 0 hits, 0 errors, 3 left on base; Saskatoon 5 - Chula Vista 4
BOTTOM OF THE 9TH
Chula Vista Tacos batting - Pitching for Saskatoon Smokin' Guns : LHP Ray Karl
Pitching: RHP José Gabriel
Now in RF: Jim Hall
Batting: RHB Rafael Cardenas 0-0: Called Strike
0-1: Ball
1-1: Ground out 5-3 (Groundball, 5)
Batting: SHB Ethan Finley 0-0: Ball
1-0: Ball
2-0: Called Strike
2-1: Foul Ball, location: 2F
2-2: Ball
3-2: Base on Balls
Batting: LHB Dale Miller 0-0: Called Strike
0-1: Called Strike
0-2: Foul Ball, location: 2F
0-2: Foul Ball, location: 2F
0-2: Ball
1-2: Strikes out swinging
Batting: RHB Eric Schroeder 0-0: Ball
1-0: Ball
2-0: Fly out, F9 (Flyball, 9D)
Bottom of the 9th over - 0 runs, 0 hits, 0 errors, 1 left on base; Saskatoon 5 - Chula Vista 4
Saturday, April 7th, 2018 - OOTP Baseball 18.8 Build 76